Map: Romanticide LE

Players

spider - Winner!

  • Race: Protoss Protoss
  • League: Diamond
  • Spawn Location: 5:00

Massa

  • Race: Terran Terran
  • League: Platinum
  • Spawn Location: 11:00

VOD

Have the link to the VOD?

Description

Time

  • Played on: Jan. 17, 2021, 7:05 a.m.
  • Length: 8:35
Show
View Real Time Build Order
Export as new Build Order

spider Protoss - Winner!

Build Orders: Phoenix Opening 

Get SALT Encoding   

  12  0:00  Probe (Chrono Boost)  
  13  0:09  Probe (Chrono Boost)  
  14  0:15  Probe  
  15  0:22  Pylon  
  15  0:40  Probe  
  16  0:44  Gateway  
  16  0:52  Probe  
  16  0:54  Assimilator  
  17  1:04  Probe (Chrono Boost)  
  18  1:13  Probe (Chrono Boost)  
  19  1:18  Probe (Chrono Boost)  
  20  1:34  Zealot  
  20  1:38  Cybernetics Core  
  22  1:54  Assimilator  
  22  1:55  Nexus  
  22  1:56  Pylon  
  22  1:59  Probe  
  23  2:14  Probe (Chrono Boost)  
  24  2:26  Probe (Chrono Boost)  
  24  2:27  Stargate  
  25  2:33  Probe (Chrono Boost)  
  25  2:34  Adept  
  25  2:36  Warp Gate (Chrono Boost)  
  28  2:47  Probe  
  29  3:00  Probe (Chrono Boost)  
  30  3:07  Adept  
  30  3:08  Probe (Chrono Boost)  
  34  3:13  Phoenix  
  34  3:16  Gateway  
  34  3:17  Probe (Chrono Boost)  
  34  3:18  Probe (Chrono Boost)  
  37  3:22  Probe (Chrono Boost)  
  38  3:27  Shield Battery  
  36  3:34  Probe  
  37  3:46  Probe  
  38  3:54  Void Ray (Chrono Boost)  
  36  3:57  Stalker (Chrono Boost)  
  42  4:12  Shield Battery  
  42  4:16  Shield Battery  
  42  4:19  Pylon  
  42  4:22  Stalker  
  44  4:27  Probe  
  44  4:29  Void Ray (Chrono Boost)  
  49  4:40  Probe  
  49  4:42  Pylon  
  50  4:52  Probe, Stalker  
  53  5:04  Probe  
  54  5:12  Stalker  
  52  5:16  Probe  
  51  5:24  Void Ray (Chrono Boost)  
  51  5:29  Stalker  
  57  5:37  Gateway  
  57  5:41  Pylon  
  57  5:43  Pylon  
  57  5:49  Forge  
  57  6:10  Phoenix  
  58  6:18  Stalker  
  58  6:19  Stalker  
  58  6:24  Photon Cannon  
  56  6:34  Phoenix  
  56  6:36  Stalker  
  58  6:43  Probe (Chrono Boost)  
  59  6:52  Probe (Chrono Boost)  
  56  6:57  Probe (Chrono Boost), Zealot  
  56  6:58  Zealot  
  57  7:09  Probe  
  54  7:55  Stalker x2  
  54  7:56  Stalker  
  60  8:01  Assimilator  
  60  8:03  Gateway  
  60  8:04  Gateway  
Show
View Real Time Build Order
Export as new Build Order

Massa Terran 

Build Orders:  

Get SALT Encoding   

  12  0:00  SCV  
  13  0:12  SCV  
  14  0:18  Supply Depot  
  14  0:24  SCV  
  15  0:39  SCV  
  15  0:41  Barracks  
  16  0:49  Refinery  
  16  0:52  SCV  
  17  1:04  SCV  
  18  1:16  SCV  
  19  1:28  SCV  
  20  1:37  Barracks Reactor  
  20  1:40  Orbital Command  
  20  1:49  Command Center  
  20  2:10  SCV  
  20  2:12  Supply Depot  
  20  2:13  Marine x2  
  23  2:26  Factory  
  23  2:33  SCV, Marine x2  
  23  2:36  Supply Depot  
  26  2:45  SCV  
  26  2:51  Marine  
  27  2:56  Marine  
  29  3:00  SCV  
  29  3:02  Orbital Command  
  30  3:12  Starport  
  30  3:20  Hellion x2  
  30  3:21  Barracks Tech Lab  
  30  3:26  SCV  
  34  3:38  SCV  
  35  3:42  Hellion x2  
  35  3:47  SCV  
  37  3:50  SCV  
  37  3:59  SCV  
  37  4:02  SCV  
  39  4:09  Barracks Tech Lab  
  39  4:10  Widow Mine x2  
  39  4:11  SCV  
  39  4:14  SCV  
  45  4:17  Refinery  
  45  4:20  Banshee  
  45  4:23  SCV  
  49  4:26  SCV  
  50  4:35  SCV  
  51  4:38  SCV  
  37  5:25  Banshee  
  38  5:32  Refinery  
  38  5:40  Barracks  
  38  5:42  Barracks x2  
  38  5:46  SCV x2, Engineering Bay  
  38  5:48  Cyclone, Engineering Bay  
  38  5:49  Marine  
  45  5:50  Supply Depot  
  45  5:51  Supply Depot  
  45  5:58  SCV  
  46  6:10  SCV  
  46  6:14  Supply Depot  
  46  6:16  Supply Depot  
  46  6:32  Marine x3  
  31  6:50  Marine x3  
  31  6:54  Factory Tech Lab  
  31  7:08  Marine x3  
  28  7:22  Factory  
  28  7:23  Factory  
  28  7:24  Missile Turret  
  28  7:25  Barracks x2, Factory, Marine x2  
  28  7:26  Marine  
  25  7:43  Marine x2  
  25  7:44  Marine  
  19  8:01  Marine x2  
  19  8:04  SCV  
  19  8:05  SCV  
  16  8:15  Barracks  
  16  8:16  Barracks, Marine  
  16  8:17  SCV x2  
  16  8:19  Factory  
  15  8:23  Missile Turret  
Tags
 
Add a new tag
Caveats
  • Supply blocks, unpowered buildings, or Contaminate may cause inaccurate times.
  • Supply counts are checked every 10 seconds.